AoeStats
← arthur810416

Black Forest

509848611Analyzed
4v4 RM · 5d ago on Sep 28, 2026· 28m 59s· 8 players
Game mode
Random Map
Map size
Large (8 player)
Population
200
Speed
Normal
Resources
Standard
Victory
Conquest
Starting age
Dark Age
Ending age
Imperial Age
RankedLock teamsTeams togetherTeam positionsShared explorationLock speedFull tech treeHidden civsTurbo modeCheats
Victory
Defeat
🇧🇦 Burgundians · Bosnia & Herzegovina
1138
+16
🇹🇷 Dravidians · Türkiye
1129
+16
🇹🇷 Khmer · Türkiye
1034
+20
🇷🇺 Saracens · Russia
1030
+20
🇹🇼 Burgundians · Taiwan
1144
-19
🇨🇳 Italians · China
1139
-19
1106
-17
🇹🇼 Spanish · Taiwan
1104
-17
只會5TC
5:11 Loom
11:12 Feudal Age
12:44 Double-Bit Axe
15:12 Castle Age
13:12 Stone Mining
小尚
1:50 Loom
11:12 Feudal Age
arthur810416
0:26 Loom
6:05 Double-Bit Axe
9:32 Horse Collar
大汉忠臣曹孟德
fcureklibatur
8:10 Loom
10:57 Feudal Age
15:04 Castle Age
13:37 Double-Bit Axe
16:15 Bow Saw
15:58 Stone Mining
16:00 Gold Mining
16:18 Horse Collar
20:09 Wheelbarrow
23:15 Hand Cart
23:07 Heavy Plow
28:42 Imperial Age
26:16 Fletching
26:27 Padded Archer Armor
28:03 Bodkin Arrow
28:24 Leather Archer Armor
ikaradayi976
0:50 Loom
14:15 Feudal Age
15:00 Double-Bit Axe
17:19 Castle Age
16:04 Bloodlines
17:31 Horse Collar
18:37 Forging
25:40 Fervor
26:32 Sanctity
xxSlyxx
2:54 Loom
11:05 Feudal Age
11:37 Double-Bit Axe
13:41 Gold Mining
14:38 Forging
14:57 Town Watch
15:45 Man-at-Arms
16:11 Arson
18:06 Scale Mail Armor
23:00 Castle Age
23:08 Long Swordsman
23:34 Gambesons
23:50 Squires
25:48 Iron Casting
28:50 Chain Mail Armor
28:48 Town Patrol
dautovic91
7:18 Loom
7:53 Double-Bit Axe
9:09 Wheelbarrow
12:44 Feudal Age
11:24 Horse Collar
17:12 Castle Age
15:52 Bow Saw
25:58 Fervor
26:08 Gold Mining
26:10 Stone Mining
27:52 Two-Man Saw
27:04 Heavy Plow
27:47 Gold Shaft Mining
28:36 Crop Rotation
27:54 Town Watch
28:21 Forging
28:12 Scale Mail Armor
28:17 Scale Barding Armor
29:21 Caravan
29:51 Coinage
29:32 Guilds
Connection lost

Rejoining the realm…

Still unreachable

The connection could not be restored.

Session expired

The server has moved on; the page needs a fresh start.